cruk, lawful male human Knight -- -- ------ -.| ------- ----.-- --.|..--.. ...... ---- ------.....-- |.......- ..h..--- ---..| ---...........| --.....-- -.....F..| |....-- ---.............|---....-- .........| --.....--|.)%.........----|...---- ..........----- ----.......--.)--.%......| ---...| ---- ........G.....| --- |........)....--|..^.....| |...|.| ..---...............-- ..--- --.....[.......| ----...).---.---.| ........................>........| |......--.---..- ---.........||..------.......................-- -- --.....|--- |...---.........---|^<.......u...............................- --..|.| |-..............| --------.@d.G...---- | ------- ---|.--- |............---- -.........| --...-----.--.......`| ......--.....| --.-....| ------....-- -.....| --..-- |.......| ---.-- ------- .| --.|.---- --- -- ----- cruk the Esquire Experience level: 3 Strength: 16 Dexterity: 9 Constitution: 10 Intelligence: 7 Wisdom: 16 Charisma: 17 Health: 0(25) Energy: 18(18) Def: 7 Gold: 86 Moves: 591 Dungeon seed: wPmxQcp_9ozjvfjb Game ID: cruk_1540366939 Your Inventory: Coins $ - 86 gold pieces Weapons a - a rusty +1 long sword (weapon in hand) b - a +1 lance (alternate weapon; not wielded) Armor e - an uncursed +1 ring mail (being worn) n - a blessed +0 helmet (being worn) q - an uncursed +0 small shield (being worn) r - an uncursed +0 pair of leather gloves (being worn) y - a blessed +0 pair of jumping boots Comestibles c - 12 uncursed apples d - 12 uncursed carrots Potions g - a cursed potion of gain ability h - an uncursed potion of confusion Tools f - an uncursed credit card i - 5 uncursed tallow candles (0:200) j - an uncursed sack Gems z - an uncursed worthless piece of violet glass N - 2 uncursed worthless pieces of black glass Spells and supernatural/magical abilities: Name Level Category Fail Memory W - pray for help -- divine ? -- X - turn undead -- divine ? -- Y - supernatural jump -- ability ? -- Your skills at the end: Fighting Skills riding [Basic] Weapon Skills long sword [Basic] lance [Basic] Spellcasting Skills Final Attributes: You were piously aligned. You could jump. You were lucky. You are dead. Vanquished creatures: a shrieker a gnome lord a floating eye a dwarf a giant rat 7 gnomes a grid bug 2 lichens 15 creatures vanquished. Voluntary challenges: You went without food. You were an atheist. You used a wielded weapon 18 times, starting on turn 95. You were illiterate. You never genocided any monsters. You never polymorphed an object. You never changed form. You used no wishes. You never split a pudding. You never wrote Elbereth's name. You never violated your personal moral code. Dungeon overview: The Dungeons of Doom: levels 1 to 3 Level 1 a long staircase Level 2 a fountain Level 3 a fountain stairs to The Gnomish Mines The Gnomish Mines: Level 4 <- You were here stairs to The Dungeons of Doom History has recorded: On T:1 you entered the Dungeons of Doom to retrieve the Amulet of Yendor! On T:52 you reached level 2 of The Dungeons of Doom. On T:180 you reached level 3 of The Dungeons of Doom. On T:407 you reached level 1 of The Gnomish Mines. On T:446 you advanced to experience level 2. On T:504 you advanced to experience level 3. Score breakdown: Gold: 86 ( 6597 points) Experience: 3 levels ( 7878 points) Exploration: 4 levels ( 8.16%) ( 7500 points) Discoveries: 0 items ( 0.00%) ( 0 points) Valuables value: (no points given unless you survive) Artifact value: 0 ( 0 points) Variety of kills: 8 monsters ( 2.10%) ( 4347 points) Turncount: 591 turns ( 0 points) Survival: died (score multiplied by 80%) Total score: 21057 Latest messages: The gnome lord misses the saddled pony. The saddled pony misses the gnome lord. The saddled pony bites the gnome lord. The gnome lord misses the saddled pony. Where do you want to hit? The lance hits the gnome lord. The saddled pony misses the gnome lord. (4x) You are now wielding your long sword. b - a +1 lance (alternate weapon; not wielded). The saddled pony misses the little dog. (2x) The little dog bites! You miss the little dog. The little dog bites! The saddled pony misses the little dog. The saddled pony bites the little dog. You miss the little dog. The little dog bites! You die... The sack is empty. The sack is empty. Final status: Fare thee well cruk the Knight, killed by a little dog... You died in The Gnomish Mines on dungeon level 4 with 21057 points, and 86 pieces of gold, after 591 moves. You were level 3 with a maximum of 25 hit points when you died.